 Dungeon Crawl Stone Soup version 0.20-a0 (webtiles) character file.

210 dobroeutro the Skirmisher (level 5, -4/43 HPs)
             Began as a Demonspawn Gladiator on Oct 27, 2016.
             Killed by nerve-wracking pain
             ... invoked by Menkaure
              (8 damage)
             ... on level 5 of the Dungeon.
             The game lasted 00:04:06 (3167 turns).

dobroeutro the Skirmisher (Demonspawn Gladiator)    Turns: 3167, Time: 00:04:07

Health: -4/43      AC: 10    Str: 17    XL:     5   Next: 56%
Magic:  5/5        EV: 12    Int:  9    God:
Gold:   174        SH:  0    Dex: 13    Spells: 0 memorised, 4 levels left

rFire  . . .     SeeInvis .     a - +0 quarterstaff
rCold  . . .     Gourm    .     b - +0 leather armour
rNeg   . . .     Faith    .     (shield currently unavailable)
rPois  .         Spirit   .     n - +2 hat
rElec  .         Reflect  .     j - +0 cloak
rCorr  .         Harm     .     A - +0 pair of gloves
MR     .....                    (no boots)
Stlth  +.........               (no amulet)
                                (no ring)
                                (no ring)

@: drained
A: slimy green scales 2
a: no special abilities


You were on level 5 of the Dungeon.
You were not hungry.

You visited 1 branch of the dungeon, and saw 5 of its levels.

You collected 174 gold pieces.

Inventory:

Hand Weapons
 a - a +0 quarterstaff (weapon)
Armour
 b - a +0 leather armour (worn)
 c - a +0 helmet
 j - a +0 cloak (worn)
 n - a +2 hat (worn)
 A - a +0 pair of gloves (worn)
Wands
 m - a wand of confusion (23/48)
Scrolls
 e - a scroll of remove curse
 g - a scroll of random uselessness {unknown}
 k - 5 scrolls of identify {unknown}
 q - 2 scrolls of amnesia {unknown}
 t - a scroll of immolation {unknown}
 u - 2 scrolls of magic mapping {unknown}
 v - a scroll of enchant weapon {unknown}
 x - 2 scrolls of recharging {unknown}
 y - a scroll of fog {unknown}
Potions
 l - 2 potions of curing
 o - 2 potions of degeneration {unknown}
 p - 2 potions of mutation {unknown}
 r - a potion of brilliance {unknown}
 s - a potion of heal wounds
 w - a potion of haste {unknown}
Comestibles
 f - 3 bread rations
 h - 3 beef jerkies
 i - 6 fruits


   Skills:
 + Level 4.4(3.5) Fighting
 + Level 4.4(3.5) Staves
 - Level 1.7(0.9) Throwing
 - Level 2.6(1.8) Dodging


You had 4 spell levels left.
You didn't know any spells.

Dungeon Overview and Level Annotations

Branches:
Dungeon (5/15)
 Temple: D:4-7

Altars:
Ru

Annotations:
D:4 Dowan, Duvessa
D:5 Menkaure


Innate Abilities, Weirdness & Mutations

You are mostly covered in slimy green scales. (AC +3)


Message History

Throwing (i - inventory):
d - a throwing net (quivered)
Press: ? - help, Shift-Dir - straight line, f - Menkaure
Aim: Menkaure (severely damaged, fast)
You throw a throwing net. The throwing net hits Menkaure.
Menkaure is caught in the net!
Menkaure is severely damaged.
Menkaure gestures wildly while chanting.
Menkaure struggles against the net.
You are too injured to fight recklessly!
You are too injured to fight recklessly!
You are too injured to fight recklessly!
You are too injured to fight recklessly!
You are too injured to fight recklessly!
Your leather armour prevents you from hitting Menkaure.
Menkaure is severely damaged.
You sock Menkaure!
Menkaure is almost destroyed.
Menkaure casts a spell at you. Pain shoots through your body!
You die...

... #. #'# #. #.# #.
#.# #. ##.#####
#####.#######......#
............'......####
###....#####..........
#...@.# #......####
#..M..# #..........
#.....# #......†...
.......# #..........
####....# #####.#....
...... ...####. #...#.#
########' .... .#
#..(.. #.....


You could see Menkaure (caught).

Vanquished Creatures
  Blork the orc (D:5)
  An orc wizard (D:3)
  A worker ant (D:5)
  2 adders
  An adder skeleton (D:4)
  3 worms (D:2)
  3 leopard geckos
  4 orcs (D:3)
  6 bats
  A giant cockroach (D:4)
  8 goblins
  6 hobgoblins
  4 jackals (D:1)
  5 kobolds
  A ball python (D:2)
  6 frilled lizards
  6 rats
59 creatures vanquished.

Notes
Turn   | Place    | Note
-------+----------+-------------------------------------------
     0 | D:1      | dobroeutro the Demonspawn Gladiator began the quest for the Orb.
     0 | D:1      | Reached XP level 1. HP: 16/16 MP: 1/1
   157 | D:1      | Gained mutation: You are partially covered in slimy green scales. (AC +2) [demonic ancestry]
   157 | D:1      | Reached XP level 2. HP: 21/23 MP: 2/2
   957 | D:2      | Gained mutation: You are mostly covered in slimy green scales. (AC +3) [demonic ancestry]
   957 | D:2      | Reached XP level 3. HP: 25/28 MP: 3/3
  1679 | D:3      | Reached XP level 4. HP: 35/35 MP: 4/4
  1996 | D:3      | Found a sacrificial altar of Ru.
  2350 | D:4      | Noticed an orc warrior
  2437 | D:4      | Noticed Dowan
  2439 | D:4      | Noticed Duvessa
  2606 | D:5      | Entered Level 5 of the Dungeon
  2893 | D:5      | Noticed Blork the orc
  2909 | D:5      | Killed Blork the orc
  2909 | D:5      | Reached XP level 5. HP: 14/42 MP: 5/5
  3157 | D:5      | Noticed Menkaure
  3167 | D:5      | Killed from afar by Menkaure

Vault maps used:
D:1:      dpeg_arrival_simpleton_b
D:3:      lemuel_round_altar
D:4:      uniq_duvessa
D:5:      lemuel_crystal_altar, first_bread, uniq_menkaure, uniq_blork_the_orc

Skill      XL: |  1  2  3  4 |
---------------+-------------+-----
Staves         | 3 4 |  4.4
Fighting       | 3 4 |  4.4
Throwing       | |  1.7
Dodging        | |  2.6

Action                   |  1- 3 |  4- 6 || total
-------------------------+-------+-------++-------
Melee: Quarterstaff      |   106 |    64 ||   170
Throw: Throwing net      |       |     3 ||     3
  Use: Scroll            |       |     1 ||     1
       Potion            |       |     1 ||     1
 Stab: Sleeping          |     3 |       ||     3
  Eat: Chunk             |     2 |     5 ||     7
Armor: Leather armour    |    31 |    20 ||    51
Dodge: Dodged            |    63 |    32 ||    95
